 Dungeon Crawl Stone Soup version 0.22-a0-995-g3b949e0 (webtiles) character file.

189 Charun the Stinger (level 5, -3/34 HPs)
             Began as an Octopode Venom Mage on May 18, 2020.
             Slain by an iguana (13 damage)
             ... on level 4 of the Dungeon.
             The game lasted 00:29:58 (2439 turns).

Charun the Stinger (Octopode Venom Mage)            Turns: 2439, Time: 00:29:58

Health: -3/34      AC:  4    Str: 12    XL:     5   Next: 68%
Magic:  7/8        EV: 14    Int: 17    God:
Gold:   87         SH:  0    Dex: 14    Spells: 4/8 levels left

rFire    . . .     SeeInvis .   l - -1 dagger (curse)
rCold    . . .     Gourm    .   (no shield)
rNeg     . . .     Faith    .   (armour unavailable)
rPois    .         Spirit   .   s - +2 helmet
rElec    .         Reflect  .   (cloak unavailable)
rCorr    .         Harm     .   (gloves unavailable)
MR       .....                  (boots unavailable)
Stlth    +++.......             (no amulet)
HPRegen  0.11/turn              (ring unavailable)
MPRegen  0.11/turn              (ring unavailable)
                                (no ring)
                                (no ring)
                                (no ring)
                                (no ring)
                                (no ring)
                                (no ring)
                                (no ring)
                                (no ring)

@: mighty, very slightly contaminated
A: almost no armour, stealthy swim, amphibious, 8 rings, constrict 8, camouflage
1, gelatinous body 1
a: no special abilities


You were on level 4 of the Dungeon.
You were not hungry.
You have taken no pledge.
You visited 1 branch of the dungeon, and saw 4 of its levels.

You collected 87 gold pieces.

Inventory:

Hand Weapons
 a - a +0 dagger
 i - a +0 mace
 j - a +0 dagger
 l - a cursed -1 dagger (weapon)
 n - a +0 hunting sling
 o - a +0 dagger
 p - a +0 hunting sling
 x - a +0 blowgun
 y - a +0 dagger
Missiles
 h - 57 poisoned needles (quivered)
 m - 21 sling bullets
 u - 16 bolts
 v - 14 arrows
Armour
 k - a +0 large shield
 s - a +2 helmet (worn)
Wands
 c - a wand of iceblast (6)
 r - a wand of digging (8)
 t - a wand of acid (4)
Scrolls
 g - a scroll of teleportation
 w - a scroll of enchant weapon
 z - a scroll of amnesia {unknown}
Potions
 e - 2 potions of agility
 f - a potion of might
 q - 2 potions of degeneration {unknown}
Comestibles
 b - 7 rations


   Skills:
 * Level 1.8 Fighting
 - Level 0.7(1.1) Slings
 + Level 0.8(1.1) Throwing
 * Level 3.1 Dodging
 + Level 3.8 Stealth
 + Level 2.4 Spellcasting
 + Level 1.7 Conjurations
 * Level 4.7 Poison Magic


You had 4 spell levels left.
You knew the following spells:

 Your Spells              Type           Power        Failure   Level  Hunger
a - Sting                 Conj/Pois      ##..         4%          1    #......
b - Mephitic Cloud        Conj/Pois/Air  #.......     22%         3    ###....

Your spell library contained the following spells:

 Spells                   Type           Power        Failure   Level  Hunger
 Magic Dart               Conj           #...         9%          1    #......
 Conjure Flame            Conj/Fire      #.......     36%         3    ###....
 Slow                     Hex            #.......     28%         2    ##.....
 Venom Bolt               Conj/Pois      ##........   80%         5    ######.
 Olgreb's Toxic Radiance  Pois           ###.....     26%         4    #####..
 Blink                    Tloc           N/A          28%         2    ##.....
 Call Imp                 Summ           #.......     28%         2    ##.....
 Repel Missiles           Chrm/Air       #.....       28%         2    ##.....
 Poisonous Vapours        Pois/Air       ##....       11%         2    ##.....


Dungeon Overview and Level Annotations

Branches:
Dungeon (4/15)
 Temple: D:4-7

Altars:
Hepliaklqana
Nemelex Xobeh


Innate Abilities, Weirdness & Mutations

You cannot wear most types of armour.
You are very stealthy in the water. (Stealth+)
You are amphibious.
You can wear up to eight rings at the same time.
You can use your tentacles to constrict eight enemies at once.
Your skin changes colour to match your surroundings (Stealth+).
Your rubbery body absorbs attacks. (AC +1, EV +1)


Message History

Tossing away (i - inventory)
h - 59 poisoned needles (quivered)
Press: ? - help, Shift-Dir - straight line, f/p - iguana
Aim: an iguana You toss away a poisoned needle.
The poisoned needle closely misses the iguana.
Tossing away (i - inventory)
h - 58 poisoned needles (quivered)
Press: ? - help, Shift-Dir - straight line, f/p - iguana
Aim: an iguana You toss away a poisoned needle.
The poisoned needle hits the iguana.
Casting: Sting (safe; 4% risk of failure)
Confirm with . or Enter, or press ? or * to list all spells.
Aiming: Sting (safe; 4% risk of failure)
Press: ? - help, Shift-Dir - straight line, f/p - iguana
Aim: an iguana You miscast Sting.
Nothing appears to happen.
The iguana barely misses you.
You barely miss the iguana. Your grab misses the iguana.
You squeeze the iguana!
The iguana is severely wounded.
The iguana bites you!
You die...

...#.......#. .. ##.<...##.
♣♣♣P♣ #.. #........##.
♣♣♣.PP♣♣♣.♣ ♣♣♣......##.
♣♣..P.≈..♣.. ........##.
♣.†.P≈≈≈♣♣.♣♣♣♣♣♣......##.
#♣.♣♣.≈≈≈♣♣.....###.....##.
#...♣.♣≈P.♣.....# ##.##....
#...♣♣♣P♣♣@....#####....###
#....♣♣♣♣..l.....(.......##
##.............####.####...
##..........(.##.....# ...
######..[##..#$......#...
....#....#.......#...
.......##....._.......
.....#####.#.......#...
###..# #.#.......#...


You could see an iguana.

Vanquished Creatures
  A crimson imp (D:3)
  A hound (D:4)
  A centaur skeleton (D:4)
  3 adders (D:3)
  An adder zombie (D:3)
  A worm (D:3)
  3 dart slugs
  An orc (D:3)
  2 giant cockroaches
  5 goblins
  5 hobgoblins
  6 jackals
  3 quokkas (D:3)
  A ball python (D:1)
  8 bats
  5 frilled lizards
  10 kobolds
  A leopard gecko zombie (D:3)
  3 rats (D:3)
61 creatures vanquished.

Notes
Turn   | Place    | Note
-------+----------+-------------------------------------------
     0 | D:1      | Charun the Octopode Venom Mage began the quest for the Orb.
     0 | D:1      | Reached XP level 1. HP: 11/11 MP: 3/3
    46 | D:1      | Reached XP level 2. HP: 12/17 MP: 1/5
   245 | D:1      | Reached skill level 4 in Poison Magic
   651 | D:1      | Reached XP level 3. HP: 22/22 MP: 4/6
  1070 | D:2      | Found a sparkling altar of Nemelex Xobeh.
  1630 | D:3      | Learned a level 3 spell: Mephitic Cloud
  1741 | D:3      | Reached skill level 1 in Fighting
  1741 | D:3      | Reached XP level 4. HP: 28/28 MP: 4/7
  2101 | D:3      | Reached XP level 5. HP: 30/33 MP: 5/8
  2377 | D:4      | Found a hazy altar of Hepliaklqana.
  2439 | D:4      | Slain by an iguana

Vault maps used:
D:1:      minmay_arrival_semitransparent
D:2:      old_standard_altar, minmay_unequal
D:3:      first_ration
D:4:      tgw_xom, old_standard_altar, serial_forest,
          infiniplex_forest_end_double, infiniplex_forest_pool,
          infiniplex_forest_straight_2, infiniplex_forest_straight_3,
          infiniplex_forest_straight_3, minmay_quantized

Skill      XL: |  1  2  3  4  5 |
---------------+----------------+-----
Stealth        | 3 |  3.8
Poison Magic   | 4 |  4.7
Fighting       | 1 |  1.8
Dodging        | 3 |  3.1
Slings         | |  0.7
Throwing       | |  0.8
Spellcasting   | |  2.4
Conjurations   | |  1.7

Action                   |  1- 3 |  4- 6 || total
-------------------------+-------+-------++-------
Melee: Unarmed           |    11 |       ||    11
       Tentacles         |     9 |    14 ||    23
       Constrict         |    15 |    15 ||    30
       Hunting sling     |     8 |       ||     8
       Dagger            |    34 |    72 ||   106
       Short sword       |     2 |       ||     2
 Fire: Hunting sling     |    11 |       ||    11
Throw: Stone             |     4 |       ||     4
 Cast: Sting             |    27 |    16 ||    43
  Use: Scroll            |     6 |       ||     6
       Potion            |     3 |     2 ||     5
 Stab: Sleeping          |     6 |     7 ||    13
  Eat: Chunk             |     3 |     1 ||     4
       Ration            |       |     1 ||     1
Armor: Skin              |    20 |    14 ||    34
Dodge: Dodged            |    69 |    37 ||   106
Block: Large shield      |       |     3 ||     3

Table legend:
 A = Spawn XP
 B = Non-spawn XP
 C = Spawn XP percentage of total XP
 D = Spawn monster count
 E = Non-spawn monster count
 F = Spawn count percentage of total count
 G = Total turns spent on level
                    A         B        C        D         E        F      G
               +---------+---------+-------+---------+---------+-------+---------
         Total |       0 |     270 |   0.0 |       0 |      61 |   0.0 |  2439
               +---------+---------+-------+---------+---------+-------+---------
           D:1 |       0 |      35 |   0.0 |       0 |      20 |   0.0 |   704
           D:2 |       0 |      15 |   0.0 |       0 |       8 |   0.0 |   839
           D:3 |       0 |     135 |   0.0 |       0 |      29 |   0.0 |   789
           D:4 |       0 |      85 |   0.0 |       0 |       4 |   0.0 |   107
               +---------+---------+-------+---------+---------+-------+---------
